 Dungeon Crawl Stone Soup version 0.21-a0-265-gb353147 (console) character file.

86 Mandevil the Sneak (level 4, -7/42 HPs)
             Began as a Naga Monk on Sept 11, 2017.
             Mangled by a hobgoblin
             ... wielding a +0 club
             ... led by Robin
              (9 damage)
             ... on level 2 of the Dungeon.
             The game lasted 00:06:29 (2051 turns).

Mandevil the Sneak (Naga Monk)                      Turns: 2051, Time: 00:06:29

Health: -7/42      AC:  2    Str: 14 (15) XL:     4   Next: 50%
Magic:  4/4        EV: 10    Int:  9 (10) God:
Gold:   72         SH:  0    Dex: 11 (13) Spells: 3/3 levels left

rFire    . . .     SeeInvis +   a - +1 spear
rCold    . . .     Gourm    .   (no shield)
rNeg     . . .     Faith    .   b - +0 robe
rPois    +         Spirit   .   (no helmet)
rElec    .         Reflect  .   (no cloak)
rCorr    .         Harm     .   (no gloves)
MR       .....                  (no barding)
Stlth    +++.......             (no amulet)
HPRegen  0.14/turn              (no ring)
MPRegen  0.09/turn              (no ring)

@: short of breath, flying, hasted, quick
A: see invisible, deformed body, poison resistance, slowness 2, slow metabolism
1, spit poison 1, AC +1
a: Spit Poison


You were on level 2 of the Dungeon.
You were not hungry.

You visited 1 branch of the dungeon, and saw 2 of its levels.

You collected 72 gold pieces.

Inventory:

Hand Weapons
 a - a +1 spear (weapon)
 q - a +1 dagger of pain
Missiles
 i - 48 arrows
 s - 62 stones (quivered)
Armour
 b - a +0 robe (worn)
Scrolls
 h - a scroll of teleportation {unknown}
 l - a scroll of enchant armour {unknown}
 m - a scroll of fear {unknown}
 p - a scroll of remove curse {unknown}
 t - a scroll of noise {unknown}
Comestibles
 c - 2 bread rations
 d - 2 chunks of flesh
 g - 6 fruits
 r - a meat ration


   Skills:
 - Level 3.0 Fighting
 + Level 4.2 Polearms
 - Level 2.4 Dodging
 + Level 5.4 Stealth


You had 3 spell levels left.
You didn't know any spells.

Dungeon Overview and Level Annotations

Branches:
Dungeon (2/15)

Altars:


Innate Abilities, Weirdness & Mutations

You cannot wear boots.
Your serpentine skin is tough. (AC +1)
You have supernaturally acute eyesight. (SInv)
Armour fits poorly on your strangely shaped body.
Your system is resistant to poisons. (rPois)
You cover ground very slowly.
You have a slow metabolism.
You can spit poison.


Message History

You hit the hobgoblin.
You kill the hobgoblin!
Robin hits you but does no damage.
You barely miss the hobgoblin. You closely miss the hobgoblin.
Robin flexes a bicep menacingly.
Robin hits you from afar with a spear.
* * * LOW HITPOINT WARNING * * *
The hobgoblin misses you.
You aren't carrying any potions.
As you read the scroll labeled XUKHLU HI POOSHRO, it crumbles to dust.
It is a scroll of enchant weapon.
Your +0 spear glows red for a moment.
Robin closely misses you.
Attack whom?
Press: ? - help, Dir - move target cursor, f/p - Robin
Aim: Robin, wielding a spear, wearing a runed animal skin and wearing a helmet (heavily wounded, poisoned)
You reach to attack!
You puncture Robin!
You kill Robin!
The hobgoblin hits you with a club!
You die...

.#...# ....# #.
#...# .. #...# #.
#...# #. #.%.#
.####.## #.).#
.......#######...#
#()gN)...#...#
#..#####.#...# #.)#
#.#^..## ######.)#
#.%....######
........#
##.#...#.#....
#######.#
#..##......# #)##
##)###.....#
#..####..##..#.##
#####.......#.#.##.#


You could see a hobgoblin.

Vanquished Creatures
  Robin (D:2)
  An adder (D:2)
  2 dart slugs (D:1)
  2 leopard geckos (D:1)
  4 bats (D:1)
  3 giant cockroaches
  11 goblins
  10 hobgoblins
  2 jackals (D:1)
  3 ball pythons (D:1)
  2 frilled lizards (D:1)
  7 kobolds
  7 rats
55 creatures vanquished.

Vanquished Creatures (others)
  4 toadstools (D:1)
4 creatures vanquished.

Grand Total: 59 creatures vanquished

Notes
Turn   | Place    | Note
-------+----------+-------------------------------------------
     0 | D:1      | Mandevil the Naga Monk began the quest for the Orb.
     0 | D:1      | Reached XP level 1. HP: 21/21 MP: 1/1
   101 | D:1      | Reached XP level 2. HP: 19/28 MP: 2/2
   458 | D:1      | Reached skill level 4 in Stealth
   727 | D:1      | Reached XP level 3. HP: 12/34 MP: 3/3
  1850 | D:2      | Reached XP level 4. HP: 26/42 MP: 4/4
  2008 | D:2      | Noticed Robin
  2010 | D:2      | Reached skill level 5 in Stealth
  2049 | D:2      | HP: 2/42 [Robin/spear (6)]
  2051 | D:2      | Killed Robin
  2051 | D:2      | Mangled by a hobgoblin

Vault maps used:
D:1:      ldierk_walled_garden_2, grunt_decor_one_mirror, minivault_27,
          minmay_heptomino_o4
D:2:      uniq_robin

Skill      XL: |  1  2  3  4 |
---------------+-------------+-----
Stealth        | 4 5 |  5.4
Polearms       | 4 |  4.2
Fighting       | |  3.0
Dodging        | |  2.4

Action                   |  1- 3 |  4- 6 || total
-------------------------+-------+-------++-------
Melee: Spear             |   143 |    42 ||   185
Throw: Stone             |     1 |     2 ||     3
 Abil: Spit Poison       |     9 |     6 ||    15
  Use: Potion            |       |     5 ||     5
       Scroll            |       |     1 ||     1
 Stab: Sleeping          |     4 |       ||     4
       Distracted        |       |     1 ||     1
  Eat: Chunk             |     2 |     1 ||     3
Armor: Robe              |    17 |     7 ||    24
Dodge: Dodged            |    49 |    24 ||    73

Table legend:
 A = Spawn XP
 B = Non-spawn XP
 C = Spawn XP percentage of total XP
 D = Spawn monster count
 E = Non-spawn monster count
 F = Spawn count percentage of total count
 G = Total turns spent on level
                    A         B        C        D         E        F      G
               +---------+---------+-------+---------+---------+-------+---------
         Total |       0 |     124 |   0.0 |       0 |      55 |   0.0 |  2051
               +---------+---------+-------+---------+---------+-------+---------
           D:1 |       0 |      62 |   0.0 |       0 |      35 |   0.0 |  1742
           D:2 |       0 |      62 |   0.0 |       0 |      20 |   0.0 |   309
               +---------+---------+-------+---------+---------+-------+---------
